AoeStats
← Křovák

Black Forest

503847890Analyzed
1v1 RM · 1mo ago on Sep 2, 2026· 58m 15s· 2 players
Game mode
Random Map
Map size
Tiny (2 player)
Population
200
Speed
Normal
Resources
Standard
Victory
Conquest
Starting age
Dark Age
Ending age
Imperial Age
RankedLock teamsTeams togetherTeam positionsShared explorationLock speedFull tech treeHidden civsTurbo modeCheats
Victory
Defeat
🇵🇱 Celts · Poland
894
+16
🇨🇿 Teutons · Czechia
902
-16
Young Kaczyński :3
11:40 Feudal Age
11:53 Loom
12:25 Horse Collar
12:33 Double-Bit Axe
17:07 Castle Age
16:19 Scale Mail Armor
18:01 Bow Saw
18:00 Gold Mining
19:17 Chain Mail Armor
19:13 Forging
23:13 Wheelbarrow
26:50 Arson
26:53 Gambesons
27:49 Iron Casting
27:57 Town Watch
30:43 Hand Cart
34:33 Imperial Age
35:07 Elite Woad Raider
36:07 Conscription
35:24 Onager
37:39 Chemistry
38:51 Siege Onager
43:00 Furor Celtica
43:43 Gold Shaft Mining
42:59 Stone Mining
43:36 Town Patrol
45:49 Ballistics
50:55 Blast Furnace
50:25 Plate Mail Armor
52:46 Pikeman
54:54 Halberdier
Křovák
0:46 Loom
13:52 Feudal Age
17:41 Castle Age
15:49 Double-Bit Axe
16:30 Horse Collar
18:09 Fletching
21:14 Bow Saw
21:43 Heavy Plow
27:19 Town Watch
30:18 Imperial Age
32:46 Two-Man Saw
34:21 Bodkin Arrow
35:27 Crenellations
36:46 Chemistry
35:45 Cavalier
36:29 Scale Mail Armor
37:43 Gold Mining
38:17 Ballistics
41:49 Stone Mining
42:13 Fortified Wall
43:21 Forging
43:26 Chain Mail Armor
43:41 Conscription
43:57 Hoardings
44:01 Wheelbarrow
47:38 Scale Barding Armor
49:59 Iron Casting
49:38 Masonry
56:22 Guard Tower
56:54 Bombard Tower
56:25 Arrowslits
Connection lost

Rejoining the realm…

Still unreachable

The connection could not be restored.

Session expired

The server has moved on; the page needs a fresh start.